Map: Cyber Forest LE

Players

FatalBoy

  • Race: Protoss Protoss
  • League: Master
  • Spawn Location: 11:00

RueTobas - Winner!

  • Race: Protoss Protoss
  • League: Master
  • Spawn Location: 5:00

VOD

Have the link to the VOD?

Description

PVP in the new patch is quite interesting

Time

  • Played on: Jan. 25, 2019, 4:58 a.m.
  • Length: 15:34
Show
View Real Time Build Order
Export as new Build Order

FatalBoy Protoss 

Build Orders:  

Get SALT Encoding   

  12  0:01  Probe  
  13  0:13  Probe  
  14  0:18  Pylon  
  14  0:23  Probe  
  15  0:32  Probe  
  15  0:38  Gateway  
  15  0:41  Probe  
  16  0:47  Assimilator  
  17  0:54  Probe  
  18  1:01  Assimilator  
  18  1:06  Probe  
  18  1:10  Gateway  
  19  1:18  Probe  
  20  1:26  Cybernetics Core  
  20  1:30  Probe  
  21  1:42  Probe  
  21  1:44  Pylon  
  22  1:53  Stalker x2  
  22  1:54  Probe  
  22  1:58  Warp Gate  
  27  2:23  Stalker x2  
  31  2:42  Pylon  
  31  2:43  Pylon  
  31  3:00  Probe  
  31  3:03  Gateway, Robotics Facility  
  32  3:28  Nexus  
  32  3:48  Stalker x2, Immortal  
  38  4:06  Stalker  
  41  4:10  Probe  
  41  4:14  Sentry x2  
  45  4:26  Probe  
  45  4:30  Pylon  
  46  4:41  Stalker x2  
  46  4:43  Sentry  
  52  4:46  Observer  
  52  4:50  Probe x2  
  39  5:26  Immortal  
  39  5:27  Observer, Probe x2  
  41  5:34  Stalker x3  
  41  5:39  Probe  
  41  5:40  Probe  
  47  5:51  Probe  
  47  5:53  Probe  
  49  5:59  Observer  
  49  6:05  Shield Battery  
  49  6:07  Shield Battery  
  49  6:09  Stalker x2  
  54  6:12  Stalker  
  54  6:14  Probe x2  
  54  6:15  Assimilator  
  54  6:18  Assimilator  
  49  6:48  Stalker x3  
  40  7:15  Stalker  
  40  7:19  Probe x2  
  44  7:28  Stalker  
  42  7:31  Probe x2  
  44  7:42  Stalker  
  44  7:43  Probe x2  
  48  7:47  Gateway x2  
  48  7:49  Gateway  
  48  7:52  Gateway  
  48  7:55  Probe x2  
  48  7:57  Gateway  
  46  8:07  Probe x2  
  46  8:11  Stalker x2  
  48  8:19  Twilight Council  
  50  8:22  Robotics Facility  
  48  8:35  Stalker x2  
  48  8:37  Blink  
  52  8:45  Stalker x3  
  58  8:54  Stalker x2  
  60  9:04  Stalker  
  62  9:11  Warp Prism  
  62  9:19  Pylon  
  62  9:20  Pylon  
  62  9:25  Gateway  
  62  9:28  Gateway  
  62  9:38  Stalker  
  62  9:40  Stalker x4  
  72  9:50  Pylon  
  72  9:51  Pylon  
  72  10:05  Observer  
  70  10:16  Stalker  
  70  10:17  Stalker x5  
  78  10:51  Probe x2  
  78  10:52  Warp Prism  
  82  11:08  Probe x2  
  68  11:29  Stalker x8  
  68  11:30  Stalker  
  80  11:45  Probe x2  
  78  11:50  Immortal  
  73  11:58  Probe x2  
  73  12:01  Charge  
  67  12:19  Stalker x6  
  62  12:32  Probe x2  
  62  12:35  Stalker x2  
  62  12:36  Stalker  
  70  12:45  Observer  
  70  12:46  Nexus, Immortal  
  70  12:48  Pylon  
  70  12:57  Templar Archives  
  74  13:06  Observer  
  74  13:10  Stalker  
  74  13:11  Stalker  
  72  13:39  High Templar x4  
  72  13:40  High Templar  
  72  13:41  Zealot x2, High Templar  
  84  13:46  Archon x2  
  84  13:47  Archon  
  84  13:48  Probe x2  
  90  13:57  Forge  
  90  13:58  Immortal  
  94  14:11  Probe  
  95  14:28  Zealot x3  
  98  14:33  Warp Prism  
Show
View Real Time Build Order
Export as new Build Order

RueTobas Protoss - Winner!

Build Orders: Phoenix Opening, Blink Stalkers 

Get SALT Encoding   

  12  0:00  Probe  
  13  0:13  Probe  
  14  0:17  Pylon  
  14  0:25  Probe  
  15  0:34  Probe  
  15  0:39  Gateway  
  15  0:42  Probe  
  16  0:48  Assimilator  
  17  0:51  Probe  
  18  0:57  Assimilator  
  18  1:03  Probe  
  19  1:15  Gateway, Probe  
  20  1:26  Cybernetics Core  
  20  1:30  Probe  
  21  1:39  Pylon  
  21  1:44  Warp Gate  
  21  1:46  Probe  
  22  1:58  Probe  
  23  2:03  Sentry, Stalker  
  27  2:10  Probe  
  28  2:23  Probe  
  28  2:28  Pylon  
  28  2:29  Stalker  
  31  2:36  Phoenix  
  30  2:37  Probe  
  31  2:46  Twilight Council, Stalker  
  33  2:53  Shield Battery  
  33  3:19  Nexus  
  33  3:26  Shield Battery  
  33  3:27  Blink  
  33  3:39  Stalker  
  33  3:49  Stalker  
  35  4:04  Stalker  
  35  4:08  Shield Battery  
  37  4:12  Pylon  
  37  4:13  Stalker  
  39  4:25  Dark Shrine  
  39  4:30  Probe  
  40  4:37  Sentry  
  36  4:39  Probe, Stalker  
  36  4:43  Probe  
  40  4:47  Probe  
  41  5:01  Sentry  
  41  5:03  Stalker  
  32  5:33  Stalker x2  
  35  5:41  Probe  
  36  5:47  Pylon, Shield Battery  
  36  5:56  Dark Templar  
  38  6:05  Dark Templar  
  38  6:10  Probe  
  38  6:11  Probe  
  42  6:19  Probe x2  
  42  6:24  Gateway  
  44  6:27  Probe x2  
  44  6:28  Gateway  
  44  6:29  Assimilator  
  44  6:32  Stalker  
  46  6:37  Probe x2  
  48  6:43  Stalker  
  48  6:51  Dark Templar  
  33  7:15  Dark Templar  
  33  7:18  Probe  
  33  7:19  Probe  
  35  7:26  Probe  
  35  7:30  Stalker x2  
  35  7:31  Probe, Stalker  
  35  7:34  Probe  
  43  7:43  Probe  
  45  7:45  Probe  
  46  7:55  Probe  
  46  7:57  Probe, Stalker x3  
  52  8:07  Probe  
  52  8:12  Probe  
  54  8:15  Probe  
  54  8:18  Forge  
  55  8:21  Gateway  
  55  8:23  Probe  
  55  8:24  Probe, Stalker  
  59  8:35  Protoss Ground Weapons Level 1  
  59  8:36  Probe  
  56  8:44  Stalker x3  
  60  8:54  Stalker  
  60  8:55  Assimilator  
  62  9:00  Photon Cannon  
  62  9:02  Pylon  
  62  9:22  Nexus  
  58  9:28  Stalker x2  
  62  9:38  Stalker x2  
  64  9:42  Stalker  
  66  9:53  Stalker x2  
  66  9:57  Pylon  
  70  10:04  Pylon  
  70  10:10  Photon Cannon  
  68  10:18  Dark Templar x2  
  72  10:27  Stalker  
  74  10:29  Stalker  
  70  10:37  Stalker  
  68  10:50  Stalker  
  68  10:51  Stalker x2  
  68  10:56  Dark Templar  
  76  11:03  Stalker  
  67  11:20  Stalker x3  
  59  11:48  Stalker x5  
  65  12:03  Protoss Ground Weapons Level 2  
  63  12:17  Stalker x3  
  63  12:18  Stalker x2  
  69  12:41  Stalker x4  
  69  12:43  Stalker  
  79  13:07  Nexus  
  75  13:13  Charge  
  75  13:26  Zealot x4  
  77  13:42  Zealot, Probe x2  
  77  13:47  Pylon  
  81  13:51  Dark Templar x2  
  85  13:59  Archon  
  85  14:05  Dark Templar  
  85  14:06  Dark Templar  
  85  14:08  Pylon  
  89  14:13  Archon  
  75  14:32  Zealot  
  75  14:33  Zealot x2  
  81  14:38  Dark Templar x2  
  81  14:41  Shield Battery  
  81  14:42  Shield Battery  
  85  14:50  Archon  
  85  14:57  Dark Templar x2  
  85  14:58  Zealot  
  91  15:01  Archon  
  91  15:10  Shield Battery  
  91  15:16  Zealot x2  
  91  15:20  Zealot  
  65  15:30  Zealot  
  65  15:31  Zealot  
Tags
 
Add a new tag
Caveats
  • Supply blocks, unpowered buildings, or Contaminate may cause inaccurate times.
  • Supply counts are checked every 10 seconds.